TOP OF THE 1ST |
Norfolk Tides batting - Pitching for Durham Bulls : RHP Eric Smith
|
Pitching: RHP Eric Smith
|
|
Batting: RHB Bobby Melillo
|
0-0: Called Strike 0-1: Called Strike 0-2: Foul Ball, location: 2F 0-2: Strikes out looking
|
Batting: RHB Danny Baeza
|
0-0: Ball 1-0: Ball 2-0: Called Strike 2-1: Called Strike 2-2: SINGLE (Flyball, 89S, EV 96.2 MPH)
|
Batting: LHB Wes Goscinski
|
0-0: Fly out, F5 (Line Drive, 6, EV 70.0 MPH)
|
Batting: SHB Brian Bentz
|
0-0: Foul Ball, location: 2F 0-1: Swinging Strike 0-2: Ball Danny Baeza steals 2nd base 1-2: Strikes out swinging
|
Top of the 1st over - 0 runs, 1 hit, 0 errors, 1 left on base; Norfolk 0 - Durham 0 |
BOTTOM OF THE 1ST |
Durham Bulls batting - Pitching for Norfolk Tides : LHP Joel Beery
|
Pitching: LHP Joel Beery
|
|
Batting: RHB Sesto Carpini
|
0-0: Swinging Strike 0-1: Ball 1-1: SINGLE (Groundball, 6MD, EV 95.6 MPH)
|
Batting: SHB Joey Pacheco
|
0-0: Called Strike 0-1: Foul Ball, location: 2F 0-2: Grounds into double play, 6-4-3 (Groundball, 6, EV 108.1 MPH)
|
Batting: RHB Jonathan Fraire
|
0-0: Foul Ball, location: 2F 0-1: Ball 1-1: Ball 2-1: Ball 3-1: Base on Balls
|
Batting: RHB Danny Diaz
|
0-0: Ball 1-0: Called Strike Jonathan Fraire steals 2nd base 1-1: SINGLE (Flyball, 3D, EV 86.9 MPH) Jonathan Fraire to third Runner from 3rd tries for Home, SAFE, throw by RF to home
|
Batting: RHB Kevin Benfield
|
0-0: Ball 1-0: Called Strike 1-1: Ball 2-1: Ball 3-1: Swinging Strike 3-2: Foul Ball, location: 2F 3-2: Foul Ball, location: 2F 3-2: Reached on error, E6 (Groundball, 6MD, EV 95.6 MPH) Danny Diaz to second
|
Batting: RHB Antonio Pacheco
|
0-0: Called Strike 0-1: Foul Ball, location: 2F 0-2: Ball 1-2: Ball 2-2: Ball 3-2: Base on Balls Danny Diaz to third Kevin Benfield to second
|
Batting: RHB Paul Landes
|
0-0: SINGLE (Flyball, 9S, EV 85.0 MPH) Danny Diaz scores Kevin Benfield to third Antonio Pacheco to second Runner from 3rd tries for Home, SAFE, throw by RF to home
|
Batting: RHB Jose Arriola
|
0-0: Ball 1-0: Ball 2-0: Called Strike 2-1: SINGLE (Groundball, 6MD, EV 105.0 MPH) Antonio Pacheco to third Paul Landes to second Runner from 3rd tries for Home, SAFE, throw by CF to home
|
Batting: RHB Dan Marks
|
0-0: Fly out, F4 (Line Drive, 4M, EV 70.0 MPH)
|
Bottom of the 1st over - 4 runs, 4 hits, 1 error, 2 left on base; Norfolk 0 - Durham 4 |
TOP OF THE 2ND |
Norfolk Tides batting - Pitching for Durham Bulls : RHP Eric Smith
|
Batting: SHB Ben Pierce
|
0-0: Foul Ball, location: 2F 0-1: Ball 1-1: Foul Ball, location: 2F 1-2: Ground out 1-3 (Groundball, 34S, EV 68.8 MPH)
|
Batting: LHB Tyler Allen
|
0-0: Ball 1-0: Called Strike 1-1: Ball 2-1: Ball 3-1: Called Strike 3-2: Strikes out swinging
|
Batting: RHB Edgar Franco
|
0-0: Ball 1-0: Swinging Strike 1-1: Swinging Strike 1-2: Ball 2-2: Ground out 6-3 (Groundball, 6, EV 88.8 MPH)
|
Top of the 2nd over - 0 runs, 0 hits, 0 errors, 0 left on base; Norfolk 0 - Durham 4 |
BOTTOM OF THE 2ND |
Durham Bulls batting - Pitching for Norfolk Tides : LHP Joel Beery
|
Batting: RHB Sesto Carpini
|
0-0: Ball 1-0: Ball 2-0: DOUBLE (Line Drive, 7LS, EV 105.6 MPH)
|
Batting: SHB Joey Pacheco
|
0-0: SINGLE (Flyball, 4D, EV 91.9 MPH) Sesto Carpini to third
|
Batting: RHB Jonathan Fraire
|
0-0: Called Strike 0-1: Fly out, F9 (Flyball, 9, EV 90.6 MPH)
|
Batting: RHB Danny Diaz
|
0-0: Called Strike 0-1: Foul Ball, location: 2F 0-2: Ball 1-2: Ball 2-2: Ball 3-2: Fly out, F8 (Flyball, 8LS, EV 79.4 MPH)
|
Batting: RHB Kevin Benfield
|
0-0: Fly out, F7 (Flyball, 78M, EV 82.5 MPH)
|
Bottom of the 2nd over - 0 runs, 2 hits, 0 errors, 2 left on base; Norfolk 0 - Durham 4 |
TOP OF THE 3RD |
Norfolk Tides batting - Pitching for Durham Bulls : RHP Eric Smith
|
Batting: RHB Andrew Korman
|
0-0: Called Strike 0-1: Ball 1-1: Ball 2-1: Ball 3-1: Base on Balls
|
Batting: RHB Andy Bridger
|
0-0: Ball 1-0: Fly out, F3 (Popup, 34, EV 58.8 MPH)
|
Batting: RHB Bobby Melillo
|
0-0: Ball 1-0: Grounds into double play, 5-4-3 (Groundball, 56, EV 101.2 MPH)
|
Top of the 3rd over - 0 runs, 0 hits, 0 errors, 0 left on base; Norfolk 0 - Durham 4 |
BOTTOM OF THE 3RD |
Durham Bulls batting - Pitching for Norfolk Tides : LHP Joel Beery
|
Batting: RHB Antonio Pacheco
|
0-0: Ground out 6-3 (Groundball, 6, EV 105.6 MPH)
|
Batting: RHB Paul Landes
|
0-0: Ball 1-0: Foul Ball, location: 2F 1-1: Foul Ball, location: 2F 1-2: Ball 2-2: Ball 3-2: SINGLE (Groundball, 6D, EV 94.4 MPH)
|
Batting: RHB Jose Arriola
|
0-0: SINGLE (Groundball, 34D, EV 98.8 MPH) Paul Landes to second Runner from 2nd tries for 3rd, SAFE, throw by RF made to third
|
Batting: RHB Dan Marks
|
0-0: Called Strike 0-1: Ball 1-1: Swinging Strike 1-2: Ball 2-2: Ball 3-2: DOUBLE (Line Drive, 78D, EV 100.0 MPH) Paul Landes scores Jose Arriola to third Runner from 3rd tries for Home, SAFE, no throw by LF
|
Pitching: RHP Ferri Adam
|
|
Batting: RHB Sesto Carpini
|
0-0: Ball 1-0: Called Strike 1-1: SINGLE (Groundball, 56D, EV 93.8 MPH) Dan Marks to third Runner from 3rd tries for Home, throw by LF and OUT! 7-2
|
Batting: SHB Joey Pacheco
|
0-0: Foul Ball, location: 2F 0-1: Ball 1-1: Ball 2-1: Ball 3-1: Base on Balls Sesto Carpini to second
|
Batting: RHB Jonathan Fraire
|
0-0: Ball 1-0: Swinging Strike 1-1: Fly out, F8 (Flyball, 78M, EV 89.4 MPH)
|
Bottom of the 3rd over - 2 runs, 4 hits, 0 errors, 2 left on base; Norfolk 0 - Durham 6 |
TOP OF THE 4TH |
Norfolk Tides batting - Pitching for Durham Bulls : RHP Eric Smith
|
Batting: RHB Danny Baeza
|
0-0: Called Strike 0-1: Ground out 5-3 (Groundball, 56S, EV 88.8 MPH)
|
Batting: LHB Wes Goscinski
|
0-0: Ball 1-0: Ground out 3-1 (Groundball, 34S, EV 88.8 MPH)
|
Batting: SHB Brian Bentz
|
0-0: Called Strike 0-1: Swinging Strike 0-2: Ground out 6-3 (Groundball, 6MD, EV 91.2 MPH)
|
Top of the 4th over - 0 runs, 0 hits, 0 errors, 0 left on base; Norfolk 0 - Durham 6 |
BOTTOM OF THE 4TH |
Durham Bulls batting - Pitching for Norfolk Tides : RHP Ferri Adam
|
Batting: RHB Danny Diaz
|
0-0: Called Strike 0-1: Ball 1-1: Foul Ball, location: 2F 1-2: SINGLE (Groundball, 6MD, EV 104.4 MPH)
|
Batting: RHB Kevin Benfield
|
0-0: Ball 1-0: Foul Ball, location: 2F 1-1: Ball 2-1: SINGLE (Line Drive, 9LS, EV 104.4 MPH) Danny Diaz to second
|
Batting: RHB Antonio Pacheco
|
0-0: Ball 1-0: Ball 2-0: Called Strike 2-1: Ball 3-1: Foul Ball, location: 2F 3-2: SINGLE (Groundball, 34S, EV 75.0 MPH) (infield hit) Danny Diaz to third Kevin Benfield to second
|
Batting: RHB Paul Landes
|
0-0: Foul Ball, location: 2F 0-1: Foul Ball, location: 2F 0-2: Strikes out looking
|
Batting: RHB Jose Arriola
|
0-0: Called Strike 0-1: Foul Ball, location: 2F 0-2: Foul Ball, location: 2F 0-2: Ball 1-2: Strikes out swinging
|
Batting: RHB Dan Marks
|
0-0: Ball Wild Pitch! Danny Diaz scores Kevin Benfield to third Antonio Pacheco to second 1-0: Foul Ball, location: 2F 1-1: Called Strike 1-2: SINGLE (Line Drive, 4D, EV 98.1 MPH) Kevin Benfield scores Antonio Pacheco to third Runner from 3rd tries for Home, SAFE, throw by CF to home Dan Marks to second
|
Batting: RHB Sesto Carpini
|
0-0: Called Strike 0-1: Called Strike 0-2: Foul Ball, location: 2F 0-2: Strikes out swinging
|
Bottom of the 4th over - 3 runs, 4 hits, 0 errors, 1 left on base; Norfolk 0 - Durham 9 |
TOP OF THE 5TH |
Norfolk Tides batting - Pitching for Durham Bulls : RHP Eric Smith
|
Batting: SHB Ben Pierce
|
0-0: Called Strike 0-1: Ball 1-1: Swinging Strike 1-2: SOLO HOME RUN (Flyball, 9D, EV 95.6 MPH), Distance : 366 ft
|
Batting: LHB Tyler Allen
|
0-0: SINGLE (Groundball, 56, EV 98.8 MPH)
|
Batting: RHB Edgar Franco
|
0-0: Ball 1-0: Grounds into double play, 5-4-3 (Groundball, 56, EV 78.1 MPH)
|
Batting: RHB Andrew Korman
|
0-0: Ball 1-0: Foul Ball, location: 2F 1-1: Foul Ball, location: 2F 1-2: Foul Ball, location: 2F 1-2: Ball 2-2: Ball 3-2: Strikes out swinging
|
Top of the 5th over - 1 run, 2 hits, 0 errors, 0 left on base; Norfolk 1 - Durham 9 |
BOTTOM OF THE 5TH |
Durham Bulls batting - Pitching for Norfolk Tides : RHP Ferri Adam
|
Batting: SHB Joey Pacheco
|
0-0: Called Strike 0-1: Ball 1-1: Ground out 1-3 (Groundball, P, EV 66.9 MPH)
|
Batting: RHB Jonathan Fraire
|
0-0: Foul Ball, location: 2F 0-1: Ball 1-1: Foul Ball, location: 2F 1-2: Foul Ball, location: 2F 1-2: Foul Ball, location: 2F 1-2: Ball 2-2: SINGLE (Groundball, 4MS, EV 69.4 MPH) (infield hit)
|
Batting: RHB Danny Diaz
|
0-0: Ball 1-0: Fielders Choice at 2nd, 3-6 (Groundball, 13, EV 92.5 MPH)
|
Batting: RHB Kevin Benfield
|
0-0: Ball 1-0: Ground out 4-3 (Groundball, 4S, EV 65.0 MPH)
|
Bottom of the 5th over - 0 runs, 1 hit, 0 errors, 1 left on base; Norfolk 1 - Durham 9 |
TOP OF THE 6TH |
Norfolk Tides batting - Pitching for Durham Bulls : RHP Eric Smith
|
Batting: RHB Andy Bridger
|
0-0: Swinging Strike 0-1: Ball 1-1: Swinging Strike 1-2: Ball 2-2: Foul Ball, location: 2F 2-2: Foul Ball, location: 2F 2-2: Foul Ball, location: 2F 2-2: Foul Ball, location: 2F 2-2: Ground out 6-3 (Groundball, 6, EV 84.4 MPH)
|
Batting: RHB Bobby Melillo
|
0-0: Foul Ball, location: 2F 0-1: TRIPLE (Flyball, 78XD, EV 106.2 MPH)
|
Batting: RHB Danny Baeza
|
0-0: Called Strike 0-1: Swinging Strike 0-2: Ball Wild Pitch! Bobby Melillo scores 1-2: Foul Ball, location: 2F 1-2: Ball 2-2: Foul Ball, location: 2F 2-2: Ball 3-2: Foul Ball, location: 2F 3-2: Ground out 2-3 (Groundball, 15S, EV 66.9 MPH)
|
Batting: LHB Wes Goscinski
|
0-0: Foul Ball, location: 2F 0-1: Ball 1-1: Ball 2-1: Foul Ball, location: 2F 2-2: Ball 3-2: Foul Ball, location: 2F 3-2: Ground out 4-3 (Groundball, 34, EV 79.4 MPH)
|
Top of the 6th over - 1 run, 1 hit, 0 errors, 0 left on base; Norfolk 2 - Durham 9 |
BOTTOM OF THE 6TH |
Durham Bulls batting - Pitching for Norfolk Tides : RHP Ferri Adam
|
Batting: RHB Antonio Pacheco
|
0-0: Hit by Pitch
|
Batting: RHB Paul Landes
|
0-0: Ball 1-0: SINGLE (Groundball, 6MD, EV 95.0 MPH) Antonio Pacheco to second Runner from 2nd tries for 3rd, SAFE, throw by CF made to third
|
Batting: RHB Jose Arriola
|
0-0: Called Strike 0-1: Ball 1-1: Ball 2-1: Called Strike 2-2: Fly out, F7 (Flyball, 7LM, EV 98.8 MPH)
|
Pitching: RHP Brandon Tuckson
|
|
Batting: RHB Dan Marks
|
0-0: Ball 1-0: Ball 2-0: Called Strike 2-1: Ball 3-1: Fly out, F9 (Flyball, 9D, EV 97.5 MPH) Runner from 3rd tags up, SCORES, no throw by RF
|
Batting: RHB Sesto Carpini
|
0-0: Called Strike 0-1: Ball 1-1: Ball 2-1: Fly out, F9 (Flyball, 89M, EV 88.1 MPH)
|
Bottom of the 6th over - 1 run, 1 hit, 0 errors, 1 left on base; Norfolk 2 - Durham 10 |
TOP OF THE 7TH |
Norfolk Tides batting - Pitching for Durham Bulls : RHP Eric Smith
|
Pitching: RHP Luis Cubero
|
|
Batting: SHB Brian Bentz
|
0-0: Called Strike 0-1: Foul Ball, location: 2F 0-2: Strikes out looking
|
Batting: SHB Ben Pierce
|
0-0: Called Strike 0-1: Fly out, F7 (Flyball, 7LMF, EV 76.9 MPH)
|
Batting: LHB Tyler Allen
|
0-0: Ground out U3 (Groundball, 34, EV 85.6 MPH)
|
Top of the 7th over - 0 runs, 0 hits, 0 errors, 0 left on base; Norfolk 2 - Durham 10 |
BOTTOM OF THE 7TH |
Durham Bulls batting - Pitching for Norfolk Tides : RHP Brandon Tuckson
|
Batting: SHB Joey Pacheco
|
0-0: Ball 1-0: SOLO HOME RUN (Line Drive, 9D, EV 95.0 MPH), Distance : 378 ft
|
Batting: RHB Jonathan Fraire
|
0-0: Called Strike 0-1: Foul Ball, location: 2F 0-2: Ball 1-2: Ball 2-2: Ball 3-2: Fly out, F7 (Flyball, 7LM, EV 98.1 MPH)
|
Batting: RHB Danny Diaz
|
0-0: Foul Ball, location: 2F 0-1: Ball 1-1: Ball 2-1: Swinging Strike 2-2: Reached on error, E5 (Groundball, 56S, EV 77.5 MPH)
|
Batting: RHB Kevin Benfield
|
0-0: Called Strike 0-1: Foul Ball, location: 2F 0-2: Ball 1-2: Strikes out swinging
|
Batting: RHB Antonio Pacheco
|
0-0: Reached on error, E5 (Groundball, 56, EV 86.9 MPH) Danny Diaz to second
|
Batting: RHB Paul Landes
|
0-0: Called Strike 0-1: Ball 1-1: Swinging Strike 1-2: Ball 2-2: Ball 3-2: Fly out, F4 (Popup, 4D, EV 58.1 MPH)
|
Bottom of the 7th over - 1 run, 1 hit, 2 errors, 2 left on base; Norfolk 2 - Durham 11 |
TOP OF THE 8TH |
Norfolk Tides batting - Pitching for Durham Bulls : RHP Luis Cubero
|
Batting: RHB Edgar Franco
|
0-0: Called Strike 0-1: Ball 1-1: Ball 2-1: Called Strike 2-2: Foul Ball, location: 2F 2-2: Ball 3-2: Ground out 5-3 (Groundball, 56S, EV 80.6 MPH)
|
Batting: RHB Andrew Korman
|
0-0: Ground out 1-3 (Groundball, 34S, EV 75.6 MPH)
|
Batting: RHB Andy Bridger
|
0-0: Swinging Strike 0-1: Called Strike 0-2: Ball 1-2: Foul Ball, location: 2F 1-2: Ball 2-2: Reached on error, E6 (Groundball, 6, EV 85.0 MPH)
|
Batting: RHB Bobby Melillo
|
0-0: Called Strike 0-1: Fly out, F7 (Flyball, 78S, EV 86.9 MPH)
|
Top of the 8th over - 0 runs, 0 hits, 1 error, 1 left on base; Norfolk 2 - Durham 11 |
BOTTOM OF THE 8TH |
Durham Bulls batting - Pitching for Norfolk Tides : RHP Brandon Tuckson
|
Batting: RHB Jose Arriola
|
0-0: Swinging Strike 0-1: Ball 1-1: SINGLE (Groundball, 34S, EV 68.8 MPH) (infield hit)
|
Batting: RHB Dan Marks
|
0-0: Called Strike 0-1: Foul Ball, location: 2F 0-2: Fly out, F8 (Flyball, 8LS, EV 91.2 MPH)
|
Batting: RHB Sesto Carpini
|
0-0: TRIPLE (Flyball, 89XD, EV 108.1 MPH) Jose Arriola scores
|
Batting: SHB Joey Pacheco
|
0-0: Foul Ball, location: 2F 0-1: Ball 1-1: Fly out, F8 (Flyball, 8LXD, EV 108.8 MPH) Runner from 3rd tags up, SCORES, no throw by CF
|
Batting: RHB Jonathan Fraire
|
0-0: Ball 1-0: Foul Ball, location: 2F 1-1: DOUBLE (Flyball, 9D, EV 101.2 MPH)
|
Batting: RHB Danny Diaz
|
0-0: Foul Ball, location: 2F 0-1: Foul Ball, location: 2F 0-2: Ball 1-2: Foul Ball, location: 2F 1-2: Ball 2-2: Fly out, F8 (Flyball, 78S, EV 80.6 MPH)
|
Bottom of the 8th over - 2 runs, 3 hits, 0 errors, 1 left on base; Norfolk 2 - Durham 13 |
TOP OF THE 9TH |
Norfolk Tides batting - Pitching for Durham Bulls : RHP Luis Cubero
|
Pinch Hitting: RHB Adam Swimmer
|
0-0: Called Strike 0-1: Called Strike 0-2: Ground out 6-3 (Groundball, 6M, EV 84.4 MPH)
|
Batting: LHB Wes Goscinski
|
0-0: Called Strike 0-1: Ball 1-1: Swinging Strike 1-2: Ball 2-2: Strikes out swinging
|
Batting: SHB Brian Bentz
|
0-0: Called Strike 0-1: Ground out 4-3 (Groundball, 34, EV 91.2 MPH)
|
Top of the 9th over - 0 runs, 0 hits, 0 errors, 0 left on base; Norfolk 2 - Durham 13 |
|